AoeStats
← Drizzlek

Arabia

503263121Analyzed
1v1 RM · 1mo ago on Aug 30, 2026· 26m 49s· 2 players
Game mode
Random Map
Map size
Tiny (2 player)
Population
200
Speed
Normal
Resources
Standard
Victory
Conquest
Starting age
Dark Age
Ending age
Imperial Age
RankedLock teamsTeams togetherTeam positionsShared explorationLock speedFull tech treeHidden civsTurbo modeCheats
Victory
Defeat
🇧🇷 Huns · Brazil
1081
+15
🇩🇪 Maya · Germany
1053
-43
Drizzlek
10:47 Feudal Age
10:13 Loom
14:06 Wheelbarrow
13:41 Double-Bit Axe
14:53 Horse Collar
16:01 Town Watch
Dr. Hans
3:37 Loom
9:46 Feudal Age
10:35 Double-Bit Axe
14:47 Horse Collar
20:37 Castle Age
19:33 Forging
23:49 Husbandry
24:16 Heavy Plow
24:50 Bloodlines
24:48 Scale Barding Armor
26:07 Iron Casting
26:01 Bow Saw
27:04 Wheelbarrow
Connection lost

Rejoining the realm…

Still unreachable

The connection could not be restored.

Session expired

The server has moved on; the page needs a fresh start.